[Event "22nd ETCC Women 2019"]
[Site "Batumi"]
[Date "2019.10.24"]
[Round "1.33"]
[White "Unuk, Laura"]
[Black "Khomeriki, Nino"]
[Result "1/2-1/2"]
[ECO "D39"]
[WhiteElo "2278"]
[BlackElo "2315"]
[Annotator "NA"]
[PlyCount "108"]
[EventDate "2019.10.24"]
[EventType "team-tourn"]
[EventCountry "GEO"]
[SourceTitle "playchess.com"]
[Source "ChessBase"]
[SourceQuality "1"]
[WhiteTeam "Slovenia"]
[BlackTeam "Georgia"]
[WhiteTeamCountry "SLO"]
[BlackTeamCountry "GEO"]
[TimeControl "40/5400+30:1800+30"]

1. d4 Nf6 2. c4 e6 3. Nf3 d5 4. Nc3 Bb4 5. Bg5 dxc4 6. e4 c5 7. e5 cxd4 8. Qa4+ Nc6 9. O-O-O Bd7 10. Ne4 Be7 11. exf6 gxf6 12. Bh4 e5 13. Bxc4 O-O 14. Kb1 Nb4 15. Nxf6+ Bxf6 16. Qxb4 Bxh4 17. Nxe5 Bf6 18. f4 Bxe5 19. fxe5 Bf5+ 20. Ka1 Kh8 21. Qd6 Qxd6 22. exd6 d3 23. Bxd3 Bg4 24. Rd2 Rad8 25. Be4 Rd7 26. h3 Be6 27. Bc2 Rb8 28. b4 Kg7 29. Kb2 h6 30. Rf1 b5 31. Bb3 Bxb3 32. Kxb3 Rb6 33. Rfd1 Kf6 34. Rd5 Ke6 35. Rh5 f6 36. a4 a6 37. Rxh6 Rbxd6 38. Rxd6+ Rxd6 39. axb5 axb5 40. g4 Rd3+ 41. Kc2 Rg3 42. Rh5 Kd6 43. Rxb5 Rxh3 44. Rf5 Ke7 45. b5 Rh4 46. Rf4 f5 47. Rxf5 Rxg4 48. Rc5 Rg3 49. b6 Kd7 50. b7 Rg8 51. Kc3 Rb8 52. Rb5 Kc6 53. Kc4 Rxb7 54. Rxb7 Kxb7 1/2-1/2

[Event "22nd ETCC Women 2019"]
[Site "Batumi"]
[Date "2019.10.24"]
[Round "1.34"]
[White "Khukhashvili, Sopiko"]
[Black "Janzelj, Lara"]
[Result "1-0"]
[ECO "C45"]
[WhiteElo "2341"]
[BlackElo "2159"]
[Annotator "NA"]
[PlyCount "127"]
[EventDate "2019.10.24"]
[EventType "team-tourn"]
[EventCountry "GEO"]
[SourceTitle "playchess.com"]
[Source "ChessBase"]
[SourceQuality "1"]
[WhiteTeam "Georgia"]
[BlackTeam "Slovenia"]
[WhiteTeamCountry "GEO"]
[BlackTeamCountry "SLO"]
[TimeControl "40/5400+30:1800+30"]

1. e4 e5 2. Nf3 Nc6 3. d4 exd4 4. Nxd4 Nf6 5. Nxc6 bxc6 6. e5 Qe7 7. Qe2 Nd5 8. c4 Nb6 9. Nc3 Bb7 10. Bd2 Qe6 11. f4 O-O-O 12. O-O-O $11 Ba6 13. Qe4 f5 14. exf6 Bxc4 15. Bxc4 Qxc4 16. b3 Qf7 17. fxg7 Bxg7 18. Qd3 Kb7 19. g4 d5 20. f5 Qe7 21. g5 Qa3+ 22. Kb1 Be5 23. Rde1 Nd7 24. Na4 Rhe8 25. f6 Nb6 26. Bc1 Qd6 27. Nxb6 axb6 28. f7 Rf8 29. Qxh7 Ra8 30. Qf5 Bh8 31. Re2 d4 32. g6 d3 33. Rd2 Ra5 34. Qxd3 Rd5 35. Qc2 Rxd2 36. Bxd2 Qf6 37. Bc3 Qxc3 38. Qxc3 Bxc3 39. h4 Bg7 40. h5 Rh8 41. Kc2 Kc8 42. a4 c5 43. Kd3 Kd7 44. Ke4 Ke6 45. Kf4 Bh6+ 46. Kg4 Rf8 47. Re1+ Kf6 48. Re2 Rh8 49. Rf2+ Ke6 50. Re2+ Kf6 51. Rc2 Rd8 52. Rf2+ Kg7 53. Re2 Rd4+ 54. Kf3 Rd3+ 55. Kf2 Rd2 56. Rxd2 Bxd2 57. Kf3 c6 58. Ke4 Bc3 59. Kf5 b5 60. Ke6 c4 61. h6+ Kf8 62. g7+ Bxg7 63. hxg7+ Kxg7 64. Ke7 1-0

[Event "22nd ETCC Women 2019"]
[Site "Batumi"]
[Date "2019.10.24"]
[Round "1.35"]
[White "Hrescak, Ivana"]
[Black "Gvetadze, Sofio"]
[Result "0-1"]
[ECO "E47"]
[WhiteElo "2226"]
[BlackElo "2297"]
[Annotator "NA"]
[PlyCount "120"]
[EventDate "2019.10.24"]
[EventType "team-tourn"]
[EventCountry "GEO"]
[SourceTitle "playchess.com"]
[Source "ChessBase"]
[SourceQuality "1"]
[WhiteTeam "Slovenia"]
[BlackTeam "Georgia"]
[WhiteTeamCountry "SLO"]
[BlackTeamCountry "GEO"]
[TimeControl "40/5400+30:1800+30"]

1. d4 Nf6 2. c4 e6 3. Nc3 Bb4 4. e3 O-O 5. Bd3 c5 6. Nge2 cxd4 {[%emt 0:00:40] Pin} 7. exd4 d5 8. cxd5 Nxd5 $11 9. O-O Nc6 10. a3 Be7 11. Qc2 g6 12. Bh6 Re8 13. Rad1 Bf6 14. Be4 Nce7 15. Rd3 Bd7 16. b4 a6 17. Rfd1 Bc6 18. Qd2 Rc8 19. Rh3 Nf5 20. Bxf5 exf5 21. Rd3 Qd7 22. Bg5 Bg7 23. Bf4 Qe6 24. Bg3 Nxc3 25. Nxc3 Qc4 26. f3 Bd5 27. Be5 Qc6 28. Nxd5 Qxd5 29. Re1 Red8 30. Bxg7 Kxg7 31. Re5 Qd6 32. Rc5 Rxc5 33. bxc5 Qd5 34. Qe3 Rd7 35. Rd2 Qe6 36. Kf2 Qd5 37. Rd3 Qe6 38. Qd2 Qd5 39. Qe2 Kf8 40. Qe3 Re7 41. Qd2 Qc4 42. Qc3 Qa2+ 43. Rd2 Qd5 44. Rb2 h5 45. Rb6 h4 46. Qd2 Kg7 47. Rd6 Qc4 48. Qb2 Kh7 49. Qd2 Qb3 50. Rd8 Qxa3 51. Rc8 f4 52. d5 Re3 53. d6 Rd3 54. Qe2 Qc3 55. Re8 Qxc5+ 56. Kf1 Qc1+ 57. Kf2 Rd2 58. d7 Qc5+ 59. Kf1 Rxe2 60. Rh8+ Kg7 0-1

[Event "22nd ETCC Women 2019"]
[Site "Batumi"]
[Date "2019.10.24"]
[Round "1.36"]
[White "Mikadze, Miranda"]
[Black "Rozman, Monika"]
[Result "1-0"]
[ECO "C77"]
[WhiteElo "2279"]
[BlackElo "2122"]
[Annotator "NA"]
[PlyCount "133"]
[EventDate "2019.10.24"]
[EventType "team-tourn"]
[EventCountry "GEO"]
[SourceTitle "playchess.com"]
[Source "ChessBase"]
[SourceQuality "1"]
[WhiteTeam "Georgia"]
[BlackTeam "Slovenia"]
[WhiteTeamCountry "GEO"]
[BlackTeamCountry "SLO"]
[TimeControl "40/5400+30:1800+30"]

1. e4 e5 2. Nf3 Nc6 3. Bb5 a6 4. Ba4 Nf6 5. d3 d6 6. O-O g6 7. c4 Bd7 8. Nc3 Bg7 9. h3 O-O 10. Bg5 $11 h6 11. Be3 Kh7 12. Re1 Ne7 13. d4 Bxa4 14. Qxa4 exd4 15. Nxd4 Nd7 16. Qc2 Ne5 17. b3 Qd7 18. Rad1 Rae8 19. Nde2 N5c6 20. c5 f5 21. cxd6 cxd6 22. Bf4 fxe4 23. Bxd6 Qf5 24. Nxe4 Rc8 25. N2g3 Qa5 26. Qd2 Qxd2 27. Rxd2 Rfe8 28. Rde2 Nd4 29. Ng5+ hxg5 30. Rxe7 Rg8 31. Rxb7 Nf5 32. Nxf5 gxf5 33. Ree7 Kg6 34. g4 Rc6 35. gxf5+ Kxf5 36. Rxg7 Rxg7 37. Rxg7 Rxd6 38. Kg2 Rb6 39. Rc7 Kf4 40. Rc4+ Kf5 41. Kg3 Rd6 42. Rc5+ Kg6 43. Ra5 Rf6 44. Ra4 Rd6 45. h4 gxh4+ 46. Rxh4 Kf5 47. Ra4 Rc6 48. Kf3 Ke5 49. Ke3 Kd5 50. Kd3 Ke5 51. Re4+ Kf5 52. Rc4 Rb6 53. Kc3 Ke5 54. f4+ Kf5 55. Kd4 Ke6 56. Rc5 Kd6 57. Rd5+ Kc6 58. Ke5 Rb8 59. Rd6+ Kb5 60. f5 a5 61. f6 Kb4 62. Rd4+ Kc5 63. Rc4+ Kb5 64. f7 Ka6 65. Rf4 Rf8 66. Ke6 a4 67. Ke7 1-0

[Event "22nd ETCC Women 2019"]
[Site "Batumi"]
[Date "2019.10.25"]
[Round "2.1"]
[White "Goryachkina, Aleksandra"]
[Black "Batsiashvili, Nino"]
[Result "1-0"]
[ECO "A05"]
[WhiteElo "2575"]
[BlackElo "2422"]
[Annotator "ChessBase"]
[PlyCount "73"]
[EventDate "2019.10.24"]
[EventType "team-tourn"]
[EventCountry "GEO"]
[SourceTitle "playchess.com"]
[Source "ChessBase"]
[SourceQuality "1"]
[WhiteTeam "Russia"]
[BlackTeam "Georgia"]
[WhiteTeamCountry "RUS"]
[BlackTeamCountry "GEO"]
[TimeControl "40/5400+30:1800+30"]

1. Nf3 Nf6 2. c4 e6 3. Nc3 d5 4. d4 a6 5. cxd5 exd5 6. Bg5 Be6 7. e3 Nbd7 8. h3 Be7 9. Bd3 O-O 10. O-O c5 11. dxc5 Nxc5 12. Rc1 Rc8 13. Nd4 Qb6 14. Rc2 Rfe8 15. Bf5 g6 16. Bxf6 Bxf6 17. Nxe6 Bxc3 18. Nf4 gxf5 19. Nxd5 Qe6 20. Nxc3 Ne4 21. Nxe4 Qxe4 22. Rxc8 Rxc8 23. Qd7 Re8 24. Rc1 Re6 25. Rc7 Rf6 26. Rxb7 Qb1+ 27. Kh2 Qxa2 28. Rb8+ Kg7 29. Qd8 Qe6 30. Qf8+ Kg6 31. f4 h6 32. Re8 Qd6 33. Qg8+ Kh5 34. Re5 Qd1 35. Qg7 Rg6 36. Rxf5+ Kh4 37. g3+ 1-0

[Event "22nd ETCC Women 2019"]
[Site "Batumi"]
[Date "2019.10.25"]
[Round "2.1"]
[White "Koridze, Lile"]
[Black "Shvayger, Yuliya"]
[Result "0-1"]
[ECO "E06"]
[WhiteElo "1988"]
[BlackElo "2336"]
[Annotator "NA"]
[PlyCount "128"]
[EventDate "2019.10.24"]
[EventType "team-tourn"]
[EventCountry "GEO"]
[SourceTitle "playchess.com"]
[Source "ChessBase"]
[SourceQuality "1"]
[WhiteTeam "Georgia"]
[BlackTeam "Israel"]
[WhiteTeamCountry "GEO"]
[BlackTeamCountry "ISR"]
[TimeControl "40/5400+30:1800+30"]

1. d4 Nf6 2. c4 e6 3. g3 d5 4. Bg2 Be7 5. Nf3 O-O 6. O-O dxc4 7. Ne5 Nc6 8. Nxc6 bxc6 9. Na3 Bxa3 10. bxa3 Ba6 11. Qd2 Rb8 12. Rd1 Qd6 13. Qa5 Rb6 14. Bd2 c3 15. Bxc3 Nd5 16. Bxd5 Qxd5 17. Qxd5 cxd5 18. Bb4 Rfb8 19. Rd2 Bc4 20. Kg2 f6 21. Rc1 Kf7 22. h4 Rb5 23. Rcc2 e5 24. e3 Ke6 25. Rb2 e4 26. Bc3 R5b6 27. Rb4 Kf5 28. f3 exf3+ 29. Kxf3 h5 30. Rdb2 g5 31. a4 Re8 32. Rxb6 cxb6 33. a5 b5 34. a3 a6 35. Bb4 Bd3 36. Rh2 Be4+ 37. Kf2 Kg4 38. Bd6 Rc8 39. Bc5 Rc6 40. Be7 Rc2+ 41. Kg1 Rc1+ 42. Kf2 Bd3 43. Kg2 Rf1 44. Bd6 Rf3 45. hxg5 fxg5 46. Be5 Rxe3 47. Kf2 Re2+ 48. Kg1 Re1+ 49. Kf2 Rf1+ 50. Kg2 Rf3 51. Kg1 Rf1+ 52. Kg2 Ra1 53. Bd6 Be4+ 54. Kf2 Rd1 55. Ke3 Rd3+ 56. Ke2 Rxd4 57. Rf2 Rc4 58. Rf8 d4 59. Rg8 Rc2+ 60. Kd1 d3 61. Bf4 Bf3+ 62. Ke1 Re2+ 63. Kf1 Bg2+ 64. Kg1 Kf3 0-1

[Event "22nd ETCC Women 2019"]
[Site "Batumi"]
[Date "2019.10.25"]
[Round "2.2"]
[White "Khomeriki, Nino"]
[Black "Lagno, Kateryna"]
[Result "1/2-1/2"]
[ECO "D76"]
[WhiteElo "2315"]
[BlackElo "2549"]
[Annotator "ChessBase"]
[PlyCount "119"]
[EventDate "2019.10.24"]
[EventType "team-tourn"]
[EventCountry "GEO"]
[SourceTitle "playchess.com"]
[Source "ChessBase"]
[SourceQuality "1"]
[WhiteTeam "Georgia"]
[BlackTeam "Russia"]
[WhiteTeamCountry "GEO"]
[BlackTeamCountry "RUS"]
[TimeControl "40/5400+30:1800+30"]

1. d4 Nf6 2. c4 g6 3. Nf3 Bg7 4. g3 O-O 5. Bg2 d5 6. cxd5 Nxd5 7. O-O Nb6 8. Nc3 Nc6 9. e3 Re8 10. Re1 a5 11. Qe2 e5 12. Nxe5 Nxe5 13. dxe5 Bxe5 14. e4 Be6 15. f4 Bxc3 16. bxc3 Bd5 17. Ba3 Qf6 18. Qf2 Bc6 19. Bc5 Nd7 20. Bd4 Qe7 21. Rab1 b6 22. h4 Nc5 23. Bxc5 Qxc5 24. Qxc5 bxc5 25. e5 Bxg2 26. Kxg2 Red8 27. Red1 Rxd1 28. Rxd1 Rb8 29. Kf3 a4 30. g4 a3 31. f5 h5 32. fxg6 fxg6 33. gxh5 gxh5 34. Kf4 Rb2 35. Kf5 Rxa2 36. Rd8+ Kg7 37. Rd7+ Kh6 38. Rxc7 Rf2+ 39. Ke4 a2 40. Ra7 Rc2 41. Ra6+ Kg7 42. Kf5 Rxc3 43. Ra7+ Kh6 44. Rxa2 Rf3+ 45. Ke4 Rh3 46. e6 Rxh4+ 47. Kd5 Rd4+ 48. Kxc5 Re4 49. Kd6 Kg5 50. e7 h4 51. Ra3 Re1 52. Rd3 Kg4 53. Rd5 h3 54. Re5 Rxe5 55. Kxe5 h2 56. e8=Q h1=Q 57. Qg6+ Kh3 58. Qf5+ Kh2 59. Qh5+ Kg1 60. Qxh1+ 1/2-1/2

[Event "22nd ETCC Women 2019"]
[Site "Batumi"]
[Date "2019.10.25"]
[Round "2.2"]
[White "Klinova, Masha"]
[Black "Pipia, Ekaterine"]
[Result "1/2-1/2"]
[ECO "B25"]
[WhiteElo "2277"]
[BlackElo "1935"]
[Annotator "NA"]
[PlyCount "92"]
[EventDate "2019.10.24"]
[EventType "team-tourn"]
[EventCountry "GEO"]
[SourceTitle "playchess.com"]
[Source "ChessBase"]
[SourceQuality "1"]
[WhiteTeam "Israel"]
[BlackTeam "Georgia"]
[WhiteTeamCountry "ISR"]
[BlackTeamCountry "GEO"]
[TimeControl "40/5400+30:1800+30"]

1. e4 c5 2. Nc3 d6 3. g3 g6 4. Bg2 Bg7 5. d3 Nc6 6. f4 e6 7. Nf3 Nge7 8. O-O O-O 9. Be3 b6 10. Qd2 d5 11. Bf2 dxe4 12. dxe4 Qxd2 13. Nxd2 Ba6 14. Rfc1 Rad8 15. Nf3 Bxc3 16. bxc3 Na5 17. Rd1 Nc4 18. Bf1 Nc6 19. g4 Rxd1 20. Rxd1 Nb2 21. Rd7 Bxf1 22. Kxf1 Rd8 23. Rc7 Na5 24. Bh4 Rf8 25. Ke2 a6 26. Ne5 Nbc4 27. Nd7 Ra8 28. Bf6 h6 29. h4 Kh7 30. g5 h5 31. Be5 Kg8 32. Bf6 Kh7 33. Ne5 Nxe5 34. Bxe5 Kg8 35. Bf6 Nc4 36. Rd7 Kf8 37. Kd3 Nb2+ 38. Ke2 Nc4 39. Kd3 Nb2+ 40. Ke2 Nc4 41. Kf3 Na3 42. Rb7 Nc4 43. Ke2 a5 44. Kd3 Nb2+ 45. Ke2 Nc4 46. Kd3 Nb2+ 1/2-1/2

[Event "22nd ETCC Women 2019"]
[Site "Batumi"]
[Date "2019.10.25"]
[Round "2.3"]
[White "Gunina, Valentina"]
[Black "Khukhashvili, Sopiko"]
[Result "0-1"]
[ECO "C10"]
[WhiteElo "2509"]
[BlackElo "2341"]
[Annotator "ChessBase"]
[PlyCount "156"]
[EventDate "2019.10.24"]
[EventType "team-tourn"]
[EventCountry "GEO"]
[SourceTitle "playchess.com"]
[Source "ChessBase"]
[SourceQuality "1"]
[WhiteTeam "Russia"]
[BlackTeam "Georgia"]
[WhiteTeamCountry "RUS"]
[BlackTeamCountry "GEO"]
[TimeControl "40/5400+30:1800+30"]

1. e4 e6 2. d4 d5 3. Nc3 dxe4 4. Nxe4 Nd7 5. Nf3 Ngf6 6. Bg5 h6 7. Nxf6+ Nxf6 8. Bxf6 gxf6 9. Bc4 c5 10. d5 e5 11. Bb5+ Bd7 12. Bxd7+ Qxd7 13. Qd3 O-O-O 14. O-O-O Rg8 15. g3 Rg4 16. Rhe1 Ra4 17. Kb1 c4 18. Qe3 Qb5 19. b3 Kb8 20. Nd2 cxb3 21. cxb3 Bc5 22. Qf3 Bd4 23. Qe2 Qb4 24. Nf3 Bc3 25. Rf1 Rd6 26. Ne1 Rxa2 27. Qxa2 Ra6 28. Nc2 Qd6 29. Qxa6 Qxa6 30. d6 Qb5 31. Ka2 Kc8 32. d7+ Kd8 33. f3 Qe2 34. Kb1 a5 35. Rc1 a4 36. bxa4 Qc4 37. Na1 Qb4+ 38. Kc2 Qb2+ 39. Kd3 Qd2+ 40. Kc4 Qd4+ 41. Kb3 Qb4+ 42. Kc2 Bd4 43. Kd1 Qa3 44. Ke2 Qe3+ 45. Kd1 Bb2 46. Kc2 Qc3+ 47. Kb1 Bxc1 48. Rxc1 Qxf3 49. Ka2 Qe4 50. Ka3 Qe2 51. Rc2 Qd3+ 52. Kb2 Qd4+ 53. Rc3 Qxa4 54. Nb3 Qb5 55. Rc5 Qxd7 56. Rc2 Qb5 57. Rc5 Qb4 58. Rc2 Ke7 59. Rc7+ Kf8 60. Rc2 Kg7 61. Rf2 Kg6 62. Rc2 h5 63. Rc8 h4 64. Rh8 hxg3 65. hxg3 Qe4 66. Rc8 b5 67. Nd2 Qd3 68. Kc1 Kf5 69. Rc7 b4 70. Rb7 Qxg3 71. Kd1 Qg1+ 72. Kc2 Qc5+ 73. Kd1 Kf4 74. Rxf7 Qg1+ 75. Ke2 Qg2+ 76. Ke1 f5 77. Nf1 b3 78. Rf8 b2 0-1

[Event "22nd ETCC Women 2019"]
[Site "Batumi"]
[Date "2019.10.25"]
[Round "2.3"]
[White "Donghvani, Nia"]
[Black "Lahav, Michal"]
[Result "1-0"]
[ECO "E81"]
[WhiteElo "1903"]
[BlackElo "2221"]
[Annotator "NA"]
[PlyCount "53"]
[EventDate "2019.10.24"]
[EventType "team-tourn"]
[EventCountry "GEO"]
[SourceTitle "playchess.com"]
[Source "ChessBase"]
[SourceQuality "1"]
[WhiteTeam "Georgia"]
[BlackTeam "Israel"]
[WhiteTeamCountry "GEO"]
[BlackTeamCountry "ISR"]
[TimeControl "40/5400+30:1800+30"]

1. d4 Nf6 2. c4 g6 3. Nc3 Bg7 4. e4 d6 5. f3 O-O 6. Be3 Na6 7. Qd2 e5 8. O-O-O exd4 9. Bxd4 c6 10. h4 Qa5 11. h5 Nxh5 12. Bxg7 Kxg7 13. g4 Nf6 14. Qh6+ Kg8 15. Rxd6 Be6 16. Qf4 Kg7 17. e5 Ng8 18. Nge2 Rfe8 19. Ng3 b5 20. Nf5+ Bxf5 21. gxf5 Rad8 22. f6+ Kh8 23. Rxd8 Qxd8 24. Ne4 h5 25. Rxh5+ gxh5 26. Qg5 Nxf6 27. Nxf6 1-0

[Event "22nd ETCC Women 2019"]
[Site "Batumi"]
[Date "2019.10.25"]
[Round "2.4"]
[White "Gvetadze, Sofio"]
[Black "Kashlinskaya, Alina"]
[Result "0-1"]
[ECO "C42"]
[WhiteElo "2297"]
[BlackElo "2481"]
[Annotator "ChessBase"]
[PlyCount "76"]
[EventDate "2019.10.24"]
[EventType "team-tourn"]
[EventCountry "GEO"]
[SourceTitle "playchess.com"]
[Source "ChessBase"]
[SourceQuality "1"]
[WhiteTeam "Georgia"]
[BlackTeam "Russia"]
[WhiteTeamCountry "GEO"]
[BlackTeamCountry "RUS"]
[TimeControl "40/5400+30:1800+30"]

1. e4 e5 2. Nf3 Nf6 3. Nxe5 d6 4. Nf3 Nxe4 5. d3 Nf6 6. d4 d5 7. Bd3 Bd6 8. O-O O-O 9. Bg5 Bg4 10. Nbd2 Nbd7 11. c3 c6 12. Qc2 Qc7 13. Rfe1 Rfe8 14. Bh4 Bh5 15. Bg3 Bxg3 16. hxg3 Bg6 17. Bxg6 hxg6 18. Rad1 Nb6 19. Qb1 Rad8 20. Ne5 Re7 21. g4 Rde8 22. Nf1 Nbd7 23. Nxd7 Qxd7 24. f3 Qd6 25. Qc1 Nd7 26. Kf2 Nb6 27. Rxe7 Qxe7 28. Qc2 Qh4+ 29. Kg1 Re6 30. b3 Qe7 31. Kf2 Nc8 32. Qd2 Qh4+ 33. g3 Qh1 34. Re1 Rf6 35. Qd3 Nd6 36. f4 Ne4+ 37. Ke3 Qg1+ 38. Ke2 Qg2+ 0-1

[Event "22nd ETCC Women 2019"]
[Site "Batumi"]
[Date "2019.10.25"]
[Round "2.4"]
[White "Nesterovskaya, Anzhelika"]
[Black "Lomaia, Diana"]
[Result "1-0"]
[ECO "B50"]
[WhiteElo "2124"]
[BlackElo "1861"]
[Annotator "NA"]
[PlyCount "71"]
[EventDate "2019.10.24"]
[EventType "team-tourn"]
[EventCountry "GEO"]
[SourceTitle "playchess.com"]
[Source "ChessBase"]
[SourceQuality "1"]
[WhiteTeam "Israel"]
[BlackTeam "Georgia"]
[WhiteTeamCountry "ISR"]
[BlackTeamCountry "GEO"]
[TimeControl "40/5400+30:1800+30"]

1. e4 c5 2. Nf3 d6 3. c3 Nf6 4. Bd3 Nc6 5. Bc2 g6 6. h3 Bg7 7. O-O O-O 8. Re1 b5 9. d4 cxd4 10. cxd4 e5 11. d5 Ne7 12. Bd3 a6 13. a4 Bd7 14. Qe2 Qb6 15. Na3 Rab8 16. axb5 axb5 17. Be3 Qb7 18. Nd2 Ne8 19. Nb3 f5 20. f3 Nf6 21. Na5 Qc7 22. Nb3 Nc8 23. Rec1 Qd8 24. Nd2 fxe4 25. fxe4 Qe8 26. b4 Nh5 27. Nf1 Nf4 28. Qd2 Nxd3 29. Qxd3 Nb6 30. Nd2 Na4 31. Nb3 Rf7 32. Na5 Bf6 33. Nc6 Bxc6 34. dxc6 Rc7 35. Nxb5 Rxc6 36. Qd5+ 1-0

[Event "22nd ETCC Women 2019"]
[Site "Batumi"]
[Date "2019.10.25"]
[Round "2.5"]
[White "Atalik, Ekaterina"]
[Black "Dzagnidze, Nana"]
[Result "1/2-1/2"]
[ECO "D31"]
[WhiteElo "2464"]
[BlackElo "2502"]
[Annotator "ChessBase"]
[PlyCount "109"]
[EventDate "2019.10.24"]
[EventType "team-tourn"]
[EventCountry "GEO"]
[SourceTitle "playchess.com"]
[Source "ChessBase"]
[SourceQuality "1"]
[WhiteTeam "Turkey"]
[BlackTeam "Georgia"]
[WhiteTeamCountry "TUR"]
[BlackTeamCountry "GEO"]
[TimeControl "40/5400+30:1800+30"]

1. d4 d5 2. c4 e6 3. Nc3 Bb4 4. Qa4+ Nc6 5. e3 Nf6 6. Nf3 O-O 7. Qc2 dxc4 8. Bxc4 Bd6 9. O-O e5 10. h3 a6 11. Rd1 exd4 12. exd4 b5 13. Bb3 Na5 14. Bg5 Nxb3 15. Qxb3 Bb7 16. d5 Re8 17. Rd4 h6 18. Bxf6 Qxf6 19. Ne4 Qg6 20. Nxd6 Qxd6 21. Rad1 Rad8 22. Qc3 Re7 23. b4 Rde8 24. Qc5 Re4 25. Qxd6 cxd6 26. a3 Kf8 27. R4d3 Ke7 28. Nd4 Kd7 29. Nf5 Re1+ 30. Rxe1 Rxe1+ 31. Kh2 Re5 32. Ne3 h5 33. g4 hxg4 34. hxg4 Re4 35. f3 Re8 36. Kg3 a5 37. bxa5 Ra8 38. Nf5 g6 39. Ne3 Rxa5 40. g5 Kc7 41. Ng4 b4 42. axb4 Rxd5 43. Rxd5 Bxd5 44. Nf6 Be6 45. Kf4 Kc6 46. Ke4 Kb5 47. Ne8 Kxb4 48. Nxd6 Kc5 49. Ke5 Kc6 50. Ne4 Bd5 51. Kf6 Kd7 52. Nc5+ Ke8 53. f4 Kf8 54. Nd7+ Kg8 55. Ne5 1/2-1/2

[Event "22nd ETCC Women 2019"]
[Site "Batumi"]
[Date "2019.10.25"]
[Round "2.5"]
[White "Olsarova, Karolina"]
[Black "Exler, Veronika"]
[Result "0-1"]
[ECO "B18"]
[WhiteElo "2294"]
[BlackElo "2222"]
[Annotator "RC"]
[PlyCount "162"]
[EventDate "2019.10.24"]
[EventType "team-tourn"]
[EventCountry "GEO"]
[SourceTitle "playchess.com"]
[Source "ChessBase"]
[SourceQuality "1"]
[WhiteTeam "Czech Republic"]
[BlackTeam "Austria"]
[WhiteTeamCountry "CZE"]
[BlackTeamCountry "AUT"]
[TimeControl "40/5400+30:1800+30"]

1. e4 c6 2. d4 d5 3. Nd2 dxe4 4. Nxe4 Bf5 5. Ng3 Bg6 6. h4 h6 7. Nf3 e6 8. Ne5 Bh7 9. f4 Nd7 10. Bd3 Bxd3 11. Qxd3 Nxe5 12. fxe5 Be7 13. O-O Bxh4 14. Ne4 Be7 15. Be3 Qd7 16. Rae1 f5 17. exf6 Nxf6 18. Bf4 O-O 19. Nd2 Bd6 20. Bxd6 Qxd6 21. Nc4 Qd5 22. Re5 Qd7 23. Rfe1 Rae8 24. c3 Ng4 25. R5e2 Qc7 26. Qh3 Qf4 27. g3 Qf3 28. Nd2 Qf5 29. Ne4 Re7 30. Nd6 Qf3 31. Qg2 Qd3 32. Rd2 Qg6 33. Rde2 Qd3 34. Rd2 Qg6 35. Rde2 Rd8 36. Nc4 Qd3 37. Ne5 Nxe5 38. Rxe5 Rf8 39. R5e3 Qf5 40. Qe2 Rf6 41. Re5 Qh3 42. Qg2 Qg4 43. R5e4 Qg6 44. R1e3 Ref7 45. b3 Qf5 46. Re2 Rg6 47. Kh2 Rff6 48. Re5 Qg4 49. R2e4 Qf3 50. Re3 Qxg2+ 51. Kxg2 Kf7 52. c4 Rf5 53. R5e4 Rgf6 54. Re2 h5 55. Kh3 Rg6 56. R4e3 Ke7 57. b4 Kd6 58. Ra3 a6 59. Rae3 Rf1 60. Kg2 Rd1 61. Re4 Rd3 62. R2e3 Rxe3 63. Rxe3 h4 64. Re5 Rxg3+ 65. Kf2 g5 66. b5 cxb5 67. cxb5 a5 68. b6 a4 69. Rc5 g4 70. Rc7 Ra3 71. Rxb7 Rxa2+ 72. Ke3 h3 73. Kf4 Kc6 74. Re7 Kxb6 75. Rxe6+ Kc7 76. Kxg4 h2 77. Rh6 a3 78. Kf3 Rb2 79. d5 a2 80. Rc6+ Kd7 81. Rc1 Rb1 0-1

[Event "22nd ETCC Women 2019"]
[Site "Batumi"]
[Date "2019.10.25"]
[Round "2.6"]
[White "Javakhishvili, Lela"]
[Black "Yildiz Kadioglu, Betul Cemre"]
[Result "1-0"]
[ECO "D21"]
[WhiteElo "2457"]
[BlackElo "2338"]
[Annotator "ChessBase"]
[PlyCount "57"]
[EventDate "2019.10.24"]
[EventType "team-tourn"]
[EventCountry "GEO"]
[SourceTitle "playchess.com"]
[Source "ChessBase"]
[SourceQuality "1"]
[WhiteTeam "Georgia"]
[BlackTeam "Turkey"]
[WhiteTeamCountry "GEO"]
[BlackTeamCountry "TUR"]
[TimeControl "40/5400+30:1800+30"]

1. d4 d5 2. c4 dxc4 3. Nf3 c5 4. e4 cxd4 5. Bxc4 Nc6 6. O-O e6 7. Nbd2 Bc5 8. e5 Bb6 9. b4 Nge7 10. b5 Nb4 11. Ne4 O-O 12. Ba3 a5 13. bxa6 Nbc6 14. Bd3 bxa6 15. Rc1 f6 16. exf6 gxf6 17. Qd2 Rf7 18. Nd6 Rg7 19. Bc4 Bd7 20. Qe2 Nd5 21. Qe4 Nc7 22. Nf5 Rg6 23. Rfd1 Kh8 24. N5xd4 Nxd4 25. Nxd4 Qe8 26. Be2 Rg5 27. Nf3 Rd5 28. Bb2 Qe7 29. Rxc7 1-0

[Event "22nd ETCC Women 2019"]
[Site "Batumi"]
[Date "2019.10.25"]
[Round "2.6"]
[White "Trippold, Denise"]
[Black "Petrova, Kristyna"]
[Result "1/2-1/2"]
[ECO "D90"]
[WhiteElo "2180"]
[BlackElo "2259"]
[Annotator "NA"]
[PlyCount "64"]
[EventDate "2019.10.24"]
[EventType "team-tourn"]
[EventCountry "GEO"]
[SourceTitle "playchess.com"]
[Source "ChessBase"]
[SourceQuality "1"]
[WhiteTeam "Austria"]
[BlackTeam "Czech Republic"]
[WhiteTeamCountry "AUT"]
[BlackTeamCountry "CZE"]
[TimeControl "40/5400+30:1800+30"]

1. d4 Nf6 2. c4 g6 3. Nc3 d5 4. Nf3 Bg7 5. h4 c5 6. dxc5 Qa5 7. cxd5 Ne4 8. Bd2 Nxd2 9. Qxd2 Qxc5 10. e4 O-O 11. Rc1 Qb6 12. h5 Bg4 13. h6 Bh8 14. Be2 Nd7 15. O-O a6 16. Ng5 Bxe2 17. Qxe2 Bf6 18. Nf3 Qd6 19. Qe3 Rac8 20. Rfe1 Be5 21. Nxe5 Nxe5 22. f3 f6 23. Ne2 Nf7 24. Rxc8 Rxc8 25. Rc1 Rxc1+ 26. Qxc1 Qb6+ 27. Kh1 Nd6 28. Nf4 Kf7 29. Ne6 Qf2 30. Qc7 Qh4+ 31. Kg1 Qe1+ 32. Kh2 Qh4+ 1/2-1/2

[Event "22nd ETCC Women 2019"]
[Site "Batumi"]
[Date "2019.10.25"]
[Round "2.7"]
[White "Ozturk, Kubra"]
[Black "Arabidze, Meri"]
[Result "0-1"]
[ECO "D30"]
[WhiteElo "2317"]
[BlackElo "2398"]
[Annotator "NA"]
[PlyCount "98"]
[EventDate "2019.10.24"]
[EventType "team-tourn"]
[EventCountry "GEO"]
[SourceTitle "playchess.com"]
[Source "ChessBase"]
[SourceQuality "1"]
[WhiteTeam "Turkey"]
[BlackTeam "Georgia"]
[WhiteTeamCountry "TUR"]
[BlackTeamCountry "GEO"]
[TimeControl "40/5400+30:1800+30"]

1. d4 d5 2. c4 e6 3. Nf3 Nf6 4. g3 Bb4+ 5. Bd2 Be7 6. Bg2 O-O 7. O-O Nbd7 8. Qc2 Ne4 9. Bf4 c6 10. Nc3 g5 11. Bc1 f5 12. cxd5 exd5 13. Ne1 Bf6 14. e3 g4 15. Nd3 Rf7 16. f3 gxf3 17. Rxf3 Nf8 18. Bd2 Ng6 19. Ne2 Qe8 20. b4 b6 21. Rc1 Bd7 22. Nef4 Rc8 23. Qd1 Bh8 24. h4 Qf8 25. Be1 Qd6 26. Qb3 b5 27. Qd1 Re8 28. Rc2 Bg7 29. h5 Nf8 30. Qc1 Ne6 31. Nxe6 Qxe6 32. Nf4 Qd6 33. Rf1 Rfe7 34. Bxe4 Rxe4 35. Bf2 Bh6 36. a3 R8e7 37. Kg2 Rg7 38. Bg1 Qf6 39. Rf3 Be8 40. Bf2 Qd6 41. Kf1 Qf6 42. Rc5 Rge7 43. Qc2 Bg5 44. Rc3 Qh6 45. Ng2 Qxh5 46. Ne1 Qh3+ 47. Kg1 Bh5 48. Qc1 Bxf3 49. Nxf3 Bxe3 0-1